 Dungeon Crawl Stone Soup version 0.20-a0-647-gf178af5 (webtiles) character file.

22 Kwzr the Stinger (level 2, -3/21 HPs)
             Began as a Demonspawn Wanderer on Feb 15, 2017.
             Killed by nerve-wracking pain
             ... invoked by Jessica
              (6 damage)
             ... on level 2 of the Dungeon.
             The game lasted 00:04:47 (969 turns).

Kwzr the Stinger (Demonspawn Wanderer)               Turns: 969, Time: 00:04:47

Health: -3/21      AC:  8    Str: 12    XL:     2   Next: 68%
Magic:  4/4        EV:  8    Int: 15    God:
Gold:   48         SH:  0    Dex: 10    Spells: 3/4 levels left

rFire    . . .     SeeInvis .   l - +0 rapier
rCold    . . .     Gourm    .   a - +2 scale mail
rNeg     . . .     Faith    .   (no shield)
rPois    .         Spirit   .   (helmet restricted)
rElec    .         Reflect  .   (no cloak)
rCorr    .         Harm     .   (no gloves)
MR       .....                  (no boots)
Stlth    ..........             (no amulet)
Regen    0.1/turn               (no ring)
MPRegen  0.1/turn               (no ring)

@: very slightly contaminated, slowed, very slow
A: horns 1
a: no special abilities


You were on level 2 of the Dungeon.
You were hungry.

You visited 1 branch of the dungeon, and saw 2 of its levels.

You collected 48 gold pieces.

Inventory:

Hand Weapons
 d - a +0 club
 l - a +0 rapier (weapon)
Missiles
 k - 8 javelins (quivered)
Armour
 a - a +2 scale mail (worn)
Scrolls
 e - a scroll of enchant armour {unknown}
 g - a scroll of identify {unknown}
Potions
 h - a potion of resistance {unknown}
 i - a potion of might {unknown}
 j - a potion of berserk rage {unknown}
Books
 b - Tairir's Tome of Air

   Spells                             Type                      Level
   a - Shock                          Conjuration/Air              1
   b - Mephitic Cloud                 Conjuration/Poison/Air       3
 c - Wuasero's Almanac of Toxins

   Spells                             Type                      Level
   a - Sting                          Conjuration/Poison           1
   b - Mephitic Cloud                 Conjuration/Poison/Air       3
Comestibles
 f - 2 bread rations


   Skills:
 * Level 1.3 Fighting
 - Level 3.0 Armour
 - Level 1.0 Stealth
 + Level 1.5 Spellcasting
   Level 1.0 Hexes
 - Level 3.0 Poison Magic
   Level 1.0 Evocations


You had 3 spell levels left.
You knew the following spells:

 Your Spells              Type           Power        Failure   Level  Hunger
a - Sting                 Conj/Pois      #...         75%         1    ##.....


Dungeon Overview and Level Annotations

Branches:
Dungeon (2/15)

Altars:

Annotations:
D:2 Jessica


Innate Abilities, Weirdness & Mutations

You have a pair of small horns on your head.


Message History

Confirm with . or Enter, or press ? or * to list all spells.
Aiming: Sting
Press: ? - help, Shift-Dir - straight line, f - Jessica
Aim: Jessica, wielding a club and wearing a robe You miscast Sting.
You are very lightly contaminated with residual magic.
Nothing appears to happen.
Jessica casts a spell at you. Pain shoots through your body!
You are feeling hungry.
Jessica points at you and mumbles some strange words.
You feel yourself slow down. Jessica casts a spell at you.
Pain shoots through your body!
Ouch! That really hurt!
* * * LOW HITPOINT WARNING * * *
There is a stone staircase leading down here.
Jessica casts a spell at you. Pain shoots through your body!
You die...

.%.# #. #.@# #.# #..# #.#
#..# ###.# #..# ##.#.# #
#..# # ##....####.# #..#
#.#..........####..####
#.#.....@.#####.......# ####
#...........@......##.# ...#
####.......#####.##.# #
##.#####.........##........#
#..............###.###.####
#######.######## ....
########.# ###.. .........#
#### ##########


You could see Jessica.

Vanquished Creatures
  An adder (D:2)
  A worm (D:2)
  A leopard gecko (D:2)
  A ball python (D:1)
  A goblin (D:2)
  A hobgoblin (D:1)
  2 bats (D:1)
  A kobold (D:1)
  A rat (D:1)
10 creatures vanquished.

Notes
Turn   | Place    | Note
-------+----------+-------------------------------------------
     0 | D:1      | Kwzr the Demonspawn Wanderer began the quest for the Orb.
     0 | D:1      | Kwzr set off with: a +2 scale mail, Tairir's Tome of Air, Wuasero's Almanac of Toxins, a +0 club, a bread ration
     0 | D:1      | Reached XP level 1. HP: 13/13 MP: 2/2
     0 | D:1      | Identified Tairir's Tome of Air
     0 | D:1      | Identified Wuasero's Almanac of Toxins
     2 | D:1      | Learned a level 1 spell: Sting
   571 | D:2      | Gained mutation: You have a pair of small horns on your head. [demonic ancestry]
   571 | D:2      | Reached XP level 2. HP: 5/20 MP: 1/3
   846 | D:2      | Reached skill level 1 in Fighting
   954 | D:2      | Noticed Jessica
   969 | D:2      | Killed from afar by Jessica

Vault maps used:
D:1:      dpeg_arrival_tiny_k
D:2:      first_bread, uniq_iyjb, uniq_sigmund, uniq_jessica

Skill      XL: |  1  2 |
---------------+-------+-----
Armour         | 3 |  3.0
Fighting       | 1 |  1.3
Stealth        | |  1.0
Spellcasting   | |  1.5
Hexes          | |  1.0
Poison Magic   | |  3.0
Evocations     | |  1.0

Action                   || total
-------------------------++-------
Melee: Club              ||    55
Throw: Javelin           ||     8
 Cast: Sting             ||     4
Armor: Scale mail        ||    43
Dodge: Dodged            ||    40
